 Dungeon Crawl Stone Soup version 0.30-a0-404-g0b3c3f4973 (webtiles) character file.

Game seed: 15039357443717728438

13433 funkygono the Thaumaturge (level 11, -6/74 HPs)
             Began as a Demonspawn Fire Elementalist on Dec 7, 2022.
             Was a Priest of Vehumet.
             Mangled by a wolf spider (9 damage)
             ... on level 1 of the Lair of Beasts.
             The game lasted 00:26:36 (13767 turns).

funkygono the Thaumaturge (DsFE)                   Turns: 13767, Time: 00:26:37

Health: -6/74      AC: 12    Str: 10    XL:     11   Next: 75%
Magic:  22/35      EV: 13    Int: 18    God:    Vehumet [***...]
Gold:   463        SH:  4    Dex: 13    Spells: 18/32 levels left

rFire   + + .      SeeInvis .    h - +2 whip (vorpal)
rCold   x . .      Faith    .    (no shield)
rNeg    + + .      Spirit   .    I - +1 robe {rF+}
rPois   .          Reflect  .    t - +0 helmet
rElec   .          Harm     .    s - +0 cloak
rCorr   .          Rampage  .    n - +0 pair of gloves
Will    +....                    (no boots)
Stlth   +++.......               p - amulet of Kudghuyw {Fly rN++ Will+ Regen+ Int-2}
HPRegen 1.12/turn                G - ring of fire
MPRegen 0.24/turn                F - ring of Fuapol {MP+9 Stlth+}

@: lethally poisoned (-6 -> -11), flying
A: claws 1, slimy green scales 1, demonic guardian 1, icemail 1, condensation
shield
a: Renounce Religion


You were on level 1 of the Lair of Beasts.
You worshipped Vehumet.
Vehumet was most pleased with you.
You visited 3 branches of the dungeon, and saw 13 of its levels.
You also visited: Ossuary.

You collected 463 gold pieces.

Inventory:

Hand Weapons
 h - a +2 vorpal whip (weapon)
 H - a +1 whip of flaming
 M - a +1 whip of venom
Armour
 n - a +0 pair of gloves (worn)
 s - a +0 cloak (worn)
 t - a +0 helmet (worn)
 I - a +1 robe of fire resistance (worn)
 J - a +0 robe of cold resistance
Magical Staves
 y - a staff of cold
 D - a staff of fire
Jewellery
 a - a +6 ring of strength
 p - the amulet of Kudghuyw (around neck) {Fly rN++ Will+ Regen+ Int-2}
   (You acquired it on level 2 of the Dungeon)

   [amulet of regeneration]

   Int:       It affects your intelligence (-2).
   rN:        It greatly protects you from negative energy.
   Fly:       It grants you flight.
   Regen:     It increases your rate of health regeneration.
   Will:      It increases your willpower.
 F - the ring of Fuapol (right hand) {MP+9 Stlth+}
   (You found it on level 10 of the Dungeon)

   [ring of magical power]

   MP:        It affects your magic capacity (+9).
   Stlth:     It makes you more stealthy.
 G - a ring of fire (left hand)
 N - an amulet of magic regeneration
 O - a +4 ring of evasion
Wands
 E - a wand of iceblast (8)
 K - a wand of charming (6)
 P - a wand of polymorph (7)
Scrolls
 u - 3 scrolls of fear
 v - a scroll of amnesia
 x - 6 scrolls of teleportation
 B - 4 scrolls of butterflies
 L - a scroll of silence
Potions
 d - 4 potions of mutation
 f - 4 potions of brilliance
 g - 10 potions of curing
 j - 3 potions of haste
 l - 2 potions of cancellation
 z - a potion of might {unknown}
 A - 5 potions of heal wounds


   Skills:
 + Level 2.8 Fighting
 + Level 2.0 Maces & Flails
 + Level 4.2 Dodging
 - Level 1.7 Stealth
 + Level 2.0 Shields
 + Level 11.0 Spellcasting
 + Level 7.6 Conjurations
 + Level 0.7 Translocations
 + Level 10.6 Fire Magic
 + Level 0.6 Earth Magic
 + Level 1.0 Evocations


You had 18 spell levels left.
You knew the following spells:

 Your Spells              Type           Power      Damage    Failure   Level
a - Foxfire               Conj/Fire      100%       2x1d9     1%          1
b - Scorch                Fire           100%       2d10      1%          2
c - Flame Wave            Conj/Fire      59%        2d14      1%          4
d - Stone Arrow           Conj/Erth      50%        3d10      1%          3
e - Magic Dart            Conj           100%       1d8       1%          1
f - Shock                 Conj/Air       92%        1d8       1%          1
g - Blink                 Tloc           24%        N/A       9%          2

Your spell library contained the following spells:

 Spells                   Type           Power      Damage    Failure   Level
 Static Discharge         Conj/Air       46%        2-4/arc   1%          2
 Kiss of Death            Conj/Necr      92%        2d12      1%          1
 Momentum Strike          Conj/Tloc      50%        3d9       1%          2
 Inner Flame              Hex/Fire       43%        N/A       1%          3
 Kindle Blastsparks       Fire/Tloc/Air  70%        2d15      1%          3
 Iskenderun's Mystic Bla  Conj/Tloc      25%        2d7       3%          4
 Fulminant Prism          Conj/Hex       11%        3d9       4%          4
 Beastly Appendage        Tmut           18%        N/A       7%          1
 Wereblood                Tmut           9%         N/A       11%         2
 Lightning Bolt           Conj/Air       11%        1d24      11%         5
 Lesser Beckoning         Tloc           24%        N/A       16%         3
 Airstrike                Air            4%         2d(1-17)  17%         4
 Confusing Touch          Hex            9%         N/A       22%         3
 Spider Form              Tmut/Pois      9%         N/A       22%         3
 Lee's Rapid Deconstruct  Erth           6%         3d6*      36%         5
 Animate Armour           Summ/Erth      22%        N/A       52%         4
 Dispel Undead            Necr           9%         3d8       56%         4
 Summon Lightning Spire   Summ/Air       9%         N/A       56%         4
 Lehudib's Crystal Spear  Conj/Erth      12%        10d4      100%        8


Dungeon Overview and Level Annotations

Branches:
Dungeon (11/15)            Temple (1/1) D:6            Lair (1/5) D:8
Ossuary (visited)
    Orc: D:9-12

Altars:
Ashenzari
Cheibriados
Dithmenos
Fedhas
Gozag
Hepliaklqana
Kikubaaqudgha
Makhleb
Nemelex Xobeh
Okawaru
Qazlal
Ru
Sif Muna
Trog
Uskayaw
Vehumet
Wu Jian
Xom
Yredelemnul

Shops:
D:4 [   D:6 =

Portals:
Trove: D:10 (give +5 fire dragon scales)

Annotations:
D:5 2 transporters, initializr's ghost, novice GnFE


Innate Abilities, Weirdness & Mutations

You have sharp fingernails.
You are partially covered in slimy green scales. (AC +2)
A weak demonic guardian rushes to your aid.
A meltable icy envelope protects you from harm. (AC +4)
A meltable shield of frost defends you. (SH +4)


Message History

You kill the wolf spider!
Vehumet accepts your kill.
You feel your power returning.
The flame wave engulfs the basilisk!
The basilisk is heavily wounded.
You finish channelling waves of flame.
You feel extremely sick. The wolf spider hits you. The wolf spider bites you.
Your Spellcasting skill increases to level 11!
You feel very sick.
The wolf spider hits you but does no damage.
The wolf spider barely misses you.
The wolf spider hits you but does no damage.
The wolf spider bites you but does no damage.
Unknown command.
Casting: Flame Wave (safe; 1% risk of failure)
Confirm with . or Enter, or press ? or * to list all spells.
Aiming: Stone Arrow (safe; 1% risk of failure)
Press: ? - help, Shift-Dir - straight line, f - basilisk
Aim: a basilisk (heavily wounded, 64% to hit)
The stone arrow hits the basilisk!!
You kill the basilisk!
Vehumet accepts your kill.
You feel very sick. The wolf spider barely misses you.
The wolf spider bites you but does no damage.
Casting: Stone Arrow (safe; 1% risk of failure)
Confirm with . or Enter, or press ? or * to list all spells.
Casting: Flame Wave (safe; 1% risk of failure)
Press: ? - help, Dir - look around, f - activate You feel a surge of power!
A wave of flame ripples out!
The flame wave engulfs the wolf spider!!
The wolf spider is almost dead.
The flame wave engulfs the wolf!
The wolf is severely wounded. (Press . to intensify the flame waves.)
You feel very sick. You block the wolf's attack. The wolf spider hits you!
* * * LOW HITPOINT WARNING * * *
A demonic guardian appears!
The wolf spider bites you!
You die...

.#####.. >........ #..
......... #.. .........#
##.. .........######..#
###.
..............#..####....
..............5..........
...............).h.......
...####.P[###...@s.......
...#........#..##†#.##...
.................####
...#........#.......#
...##.##.##.#...........
........................
........................
#############.#P######.#
##### #


You could see a wolf spider, a wolf (ally target) and a friendly white imp
(summoned).

Vanquished Creatures
  A boulder beetle (D:11)
  2 two-headed ogres (D:10)
  4 death yaks (D:8)
  An ugly thing (D:11)
  A wolf spider (Lair:1)
  A cane toad (Lair:1)
  An unseen horror (D:11)
  3 blink frogs (Lair:1)
  7 yaks
  4 wyverns
  Grum (D:6)
  A basilisk (Lair:1)
  2 steam dragons
  Edmund (D:6)
  2 acid dragons
  A water moccasin (Lair:1)
  Duvessa (D:4)
  An orc warrior (D:9)
  A black bear (D:5)
  An ice beast (D:6)
  An ogre (D:4)
  3 wolves
  5 centaurs
  A phantom (D:5)
  2 kobold brigands
  2 necrophages
  4 bullfrogs
  2 gnoll sergeants
  2 scorpions
  5 wights
  Dowan (D:4)
  5 howler monkeys
  6 hounds
  A gnoll bouda (D:6)
  3 jellies
  3 orc priests
  2 human zombies (Ossuary)
  Crazy Yiuf (D:2)
  8 iguanas
  7 orc wizards
  3 mummies (Ossuary)
  8 adders
  18 gnolls
  A shadow imp (D:6)
  3 white imps
  An ufetubus (D:5)
  2 worms
  A dart slug (D:1)
  22 orcs
  10 ball pythons
  4 bats
  4 endoplasms
  4 giant cockroaches
  2 gnoll zombies (Ossuary)
  5 goblins
  8 hobgoblins
  A jackal (D:6)
  4 quokkas
  3 frilled lizards
  2 goblin zombies (Ossuary)
  A hobgoblin zombie (Ossuary)
  16 kobolds
  An orc zombie (Ossuary)
  6 rats
231 creatures vanquished.

Vanquished Creatures (collateral kills)
  A death yak (D:7)
  A manticore (D:11)
  An acid dragon (D:10)
  A centaur (D:7)
  A scorpion (D:6)
  2 wights (D:7)
  4 foxfires (D:1)
11 creatures vanquished.

Vanquished Creatures (others)
  An iguana (D:4)
  A kobold (D:4)
  749 foxfires
  38 plants (D:1)
789 creatures vanquished.

Grand Total: 1031 creatures vanquished

Notes
Turn   | Place    | Note
-------+----------+-------------------------------------------
     0 | D:1      | funkygono the Demonspawn Fire Elementalist began the quest
                  | for the Orb.
     0 | D:1      | Reached XP level 1. HP: 13/13 MP: 3/3
   116 | D:1      | Found a faded altar of an unknown god.
   314 | D:1      | Gained mutation: A meltable shield of frost defends you.
                  | (SH +4) [demonic ancestry]
   314 | D:1      | Reached XP level 2. HP: 19/19 MP: 3/5
   317 | D:1      | Learned a level 2 spell: Scorch
  1289 | D:2      | Reached XP level 3. HP: 18/24 MP: 0/6
  1950 | D:2      | Found a runed translucent door.
  1951 | D:2      | Noticed Crazy Yiuf
  2203 | D:2      | Killed Crazy Yiuf
  2204 | D:2      | Reached skill level 3 in Spellcasting
  2204 | D:2      | Reached XP level 4. HP: 30/30 MP: 3/8
  2252 | D:2      | Identified a scroll of acquirement
  3177 | D:4      | Gained mutation: A meltable icy envelope protects you from
                  | harm. (AC +4) [demonic ancestry]
  3177 | D:4      | Reached XP level 5. HP: 33/35 MP: 3/10
  3259 | D:4      | Noticed Dowan
  3259 | D:4      | Noticed Duvessa
  3280 | D:4      | Killed Duvessa
  3287 | D:4      | Killed Dowan
  3288 | D:4      | Reached skill level 4 in Spellcasting
  3288 | D:4      | Reached XP level 6. HP: 25/42 MP: 0/12
  3703 | D:4      | Learned a level 4 spell: Flame Wave
  3829 | D:4      | Gained mutation: A weak demonic guardian rushes to your
                  | aid. [demonic ancestry]
  3829 | D:4      | Reached XP level 7. HP: 47/47 MP: 8/13
  4038 | D:4      | Reached skill level 1 in Fighting
  4138 | D:4      | Found Gekkaelu's Antique Armour Shop.
  4333 | D:4      | Found a shimmering altar of Xom.
  4592 | D:4      | Learned a level 3 spell: Stone Arrow
  4607 | D:5      | Entered Level 5 of the Dungeon
  4735 | D:5      | Reached skill level 5 in Spellcasting
  4990 | D:5      | Reached skill level 5 in Fire Magic
  4993 | D:5      | Reached skill level 1 in Shields
  5163 | D:5      | Reached skill level 1 in Maces & Flails
  5176 | D:5      | Reached XP level 8. HP: 54/54 MP: 0/16
  5469 | D:5      | Found a bloodstained altar of Trog.
  5644 | D:5      | Noticed initializr's ghost (novice GnFE)
  5690 | D:5      | Found a transporter.
  5693 | D:5      | Found a transporter.
  6155 | D:6      | Reached skill level 6 in Spellcasting
  6249 | D:6      | Noticed Grum
  6254 | D:6      | Killed Grum
  6587 | D:6      | Found a staircase to the Ecumenical Temple.
  6596 | Temple   | Entered the Ecumenical Temple
  6596 | Temple   | Found a transporter.
  6596 | Temple   | Found a transporter.
  6598 | Temple   | Found a transporter.
  6598 | Temple   | Found a transporter.
  6612 | Temple   | Became a worshipper of Vehumet
  6706 | D:6      | Found Giufacze's Jewellery Boutique.
  6717 | D:6      | Reached skill level 5 in Conjurations
  6717 | D:6      | Gained mutation: You are partially covered in slimy green
                  | scales. (AC +2) [demonic ancestry]
  6717 | D:6      | Reached XP level 9. HP: 57/59 MP: 9/19
  6717 | D:6      | Acquired the amulet of Kudghuyw {Fly rN++ Will+ Regen+
                  | Int-2}
  6811 | D:6      | Noticed Edmund
  6822 | D:6      | Killed Edmund
  6898 | D:6      | Found a snail-covered altar of Cheibriados.
  6898 | D:6      | Found an ancient bone altar of Kikubaaqudgha.
  6898 | D:6      | Found a hide-covered altar of Uskayaw.
  7149 | D:6      | Reached skill level 7 in Spellcasting
  7552 | D:7      | Found a sand-covered staircase.
  7557 | Ossuary  | Entered an ossuary
  7796 | Ossuary  | Reached * piety under Vehumet
  7796 | Ossuary  | Offered knowledge of Magic Dart by Vehumet.
  7799 | Ossuary  | Learned a level 1 spell: Magic Dart
  8677 | D:8      | Noticed a death yak
  8677 | D:8      | Noticed a death yak
  8677 | D:8      | Found a staircase to the Lair.
  8679 | D:8      | Noticed a death yak
  8680 | D:8      | Noticed a death yak
  8699 | D:7      | Killed a death yak
  8700 | D:7      | Reached skill level 8 in Spellcasting
  8866 | D:8      | Noticed a death yak
  9185 | D:8      | Gained mutation: You have sharp fingernails. [demonic
                  | ancestry]
  9185 | D:8      | Reached XP level 10. HP: 64/67 MP: 16/22
  9384 | D:8      | Found a hazy altar of Hepliaklqana.
  9680 | D:8      | Killed a death yak
  9681 | D:8      | Reached skill level 9 in Spellcasting
  9695 | D:8      | Killed a death yak
  9698 | D:8      | Killed a death yak
  9852 | D:8      | Killed a death yak
 10257 | D:9      | Reached ** piety under Vehumet
 10257 | D:9      | Offered knowledge of Shock by Vehumet.
 10258 | D:9      | Reached skill level 10 in Spellcasting
 10258 | D:9      | Reached XP level 11. HP: 64/73 MP: 16/25
 10501 | D:9      | Identified the +8 hand axe "Alaot" {vorpal, rElec rN+
                  | Stlth+}
 10712 | D:9      | Learned a level 1 spell: Shock
 10715 | D:9      | Learned a level 2 spell: Blink
 10730 | D:10     | Entered Level 10 of the Dungeon
 10808 | D:10     | Identified the +1 leather armour "Riskieghets" {rF+}
 10937 | D:10     | Noticed a two-headed ogre
 10948 | D:10     | Killed a two-headed ogre
 11181 | D:10     | Found a portal to a secret trove of treasure.
 11181 | D:10     | Identified the ring of Fuapol {MP+9 Stlth+}
 11223 | D:10     | Found an iron altar of Okawaru.
 11475 | D:10     | Noticed a two-headed ogre
 11481 | D:10     | Killed a two-headed ogre
 11482 | D:10     | Reached skill level 10 in Fire Magic
 11785 | D:11     | Offered knowledge of Static Discharge by Vehumet.
 11830 | D:11     | Noticed a boulder beetle
 11985 | D:11     | Killed a boulder beetle
 12610 | D:11     | Noticed a brown ugly thing
 12622 | D:11     | Killed a brown ugly thing
 12623 | D:11     | Reached skill level 1 in Evocations
 13305 | Lair:1   | Entered Level 1 of the Lair of Beasts
 13305 | Lair:1   | Found a shimmering blue altar of Sif Muna.
 13592 | Lair:1   | Reached *** piety under Vehumet
 13757 | Lair:1   | Noticed a wolf spider
 13757 | Lair:1   | Noticed a wolf spider
 13764 | Lair:1   | Killed a wolf spider
 13765 | Lair:1   | Reached skill level 11 in Spellcasting
 13767 | Lair:1   | HP: 3/74 [wolf spider (13)]
 13767 | Lair:1   | Mangled by a wolf spider

Illustrated notes

Levels and vault maps discovered:
D:1:      minmay_arrival_split_and_join, layout_rooms, serial_bayou,
          serial_bayou_shore_a, serial_bayou_lake_a, serial_bayou_crossing,
          serial_bayou_pond_c, serial_bayou_lagoon_b,
          ebering_ecumenical_altar_petrified
D:2:      layout_loops_ring, kennysheep_flooded_box, uniq_crazy_yiuf_cottage
D:3:      layout_basic
D:4:      layout_cave_pools, xom_confusion_cloud, serial_shops,
          nicolae_shop_stone, uniq_duvessa
D:5:      layout_rooms, mainiacjoe_overflow_tiny_flanked,
          gammafunk_ghost_mausoleum, kennysheep_diamond,
          kennysheep_another_room, due_unseen_surprise
D:6:      layout_cave_pools, gammafunk_temple_overflow_claw,
          minmay_temple_entry_junction_2, serial_gnoll_camp,
          gnoll_camp_mini_hut, grums_kennel, gnoll_camp_mini_shop,
          gnoll_camp_mini_basic, minmay_door_square, uniq_edmund
D:7:      layout_loops_cross, nicolae_ossuary_entry_plus, minmay_misc_feat_tiny
D:8:      layout_basic, mainiacjoe_overflow_boulevard, dpeg_lair_monsters,
          grunt_ministairs_8
D:9:      layout_roguey
D:10:     layout_loops_cross, kennysheep_okawaru_gauntlet,
          trove_entry_hex_spiral, minmay_variable_closet
D:11:     layout_stronghold
Temple:   hellmonk_temple_divided_pantheon
Lair:1:   beast_lair_carwin_large_2, layout_chaotic_city, basic_altar,
          serial_rivers, chequers_serial_rivers_micro_e,
          chequers_serial_rivers_large_a, chequers_serial_rivers_room_a,
          chequers_serial_rivers_micro_a, nicolae_lair_run_with_the_wolves

Skill      XL: |  1  2  3  4  5  6  7  8  9 10 11 |
---------------+----------------------------------+-----
Fire Magic     | 3 4 5 6 8 9 10 | 10.6
Dodging        | 2 3 4 |  4.2
Spellcasting   | 3 4 5 6 8 10 11 | 11.0
Conjurations   | 2 3 5 6 7 |  7.6
Fighting       | 1 2 |  2.8
Shields        | 1 2 |  2.0
Maces & Flails | 1 2 |  2.0
Evocations     | 1 |  1.0
Stealth        | |  1.7
Translocations | |  0.7
Earth Magic    | |  0.6

Action                   |  1- 3 |  4- 6 |  7- 9 | 10-12 || total
-------------------------+-------+-------+-------+-------++-------
Melee: Mace              |    85 |    13 |       |       ||    98
       Punch             |     3 |       |     2 |     1 ||     6
       Whip              |       |    12 |    78 |    25 ||   115
 Cast: Foxfire           |    41 |    68 |   209 |   119 ||   437
       Scorch            |    12 |    14 |    66 |    41 ||   133
       Stone Arrow       |       |       |     3 |     9 ||    12
       Flame Wave        |       |       |     3 |    14 ||    17
       Blink             |       |       |       |     1 ||     1
Evoke: Wand              |       |       |       |    10 ||    10
  Use: Scroll            |       |     6 |    10 |     5 ||    21
       Potion            |       |     1 |       |     3 ||     4
Armor: Robe              |     2 |     8 |    51 |    53 ||   114
Dodge: Dodged            |    19 |    32 |    93 |    71 ||   215
Block: Other             |     3 |    13 |    29 |    22 ||    67

Table legend: (Time is in decaauts)
 A = Elapsed time spent in this place.
 B = Non-inter-level travel time spent in this place.
 C = Inter-level travel time spent in this place.
 D = Time resting spent in this place.
 E = Time spent auto-exploring this place.
 F = Levels seen in this place.
 G = Mean time per level.
                   A        B        C        D        E       F      G
               +--------+--------+--------+--------+--------+-----+--------+
         Total |  13915 |  13627 |    288 |    382 |  10768 |  14 |  993.9 |
       Dungeon |  12975 |  12689 |    286 |    348 |  10054 |  11 | 1179.5 |
        Temple |     50 |     50 |      0 |      0 |     14 |   1 |   50.0 |
          Lair |    461 |    461 |      0 |      0 |    409 |   1 |  461.0 |
       Ossuary |    427 |    427 |      0 |     34 |    291 |   1 |  427.0 |
               +--------+--------+--------+--------+--------+-----+--------+

Top non-repeatable levels by time:
    D:11: 1428 daAuts
     D:1: 1357 daAuts
     D:6: 1345 daAuts
     D:7: 1265 daAuts
     D:5: 1240 daAuts
     D:3: 1191 daAuts
     D:4: 1171 daAuts
     D:2: 1105 daAuts
    D:10: 1077 daAuts
     D:8: 1036 daAuts
     D:9: 755 daAuts
  Lair:1: 461 daAuts
 Ossuary: 427 daAuts
  Temple: 50 daAuts
